[Event "Titled Tuesday Blitz April 4 Late 2023"]
[White "Schuster, Karsten"]
[Black "Gubajdullin, Alexei"]
[WhiteFideId "4611071"]
[BlackFideId "4141202"]
[WhiteElo "2294"]
[BlackElo "2279"]
[Result "1/2-1/2"]
[Round "08"]
[TimeControl "180+2"]
[Date "2023.04.04"]
[WhiteClock "0:00:27"]
[BlackClock "0:01:18"]

1. d4 Nf6 2. c4 c5 3. d5 e6 4. Nc3 exd5 5. cxd5 d6 6. e4 g6 7. f4 Bg7 8. Bb5+ Nfd7 9. a4 O-O 10. Nf3 a6 11. Bc4 Re8 12. O-O Nf8 13. Re1 Nbd7 14. Bd2 b5 15. axb5 Nb6 16. Bf1 axb5 17. Rxa8 Nxa8 18. Bxb5 Bd7 19. Bf1 Qb6 20. Qc2 Rb8 21. Nd1 Bb5 22. Bc3 Bxf1 23. Rxf1 Bxc3 24. bxc3 c4+ 25. Nd4 Nd7 26. Kh1 Nc5 27. Ne3 Qa6 28. Nc6 Re8 29. e5 Nb6 30. Ng4 Nxd5 31. Qd2 Qxc6 32. Qxd5 Qxd5 33. Nf6+ Kg7 34. Nxd5 dxe5 35. fxe5 Rxe5 36. Nb6 Re4 37. h3 Nd3 38. Ra1 Ne5 39. Ra7 Re3 40. Nd5 Rd3 41. Nf4 Rxc3 42. Ne6+ Kf6 43. Nd8 Rc1+ 44. Kh2 c3 45. Ra6+ Kg7 46. Nc6 c2 47. Nxe5 Rg1 48. Nd3 Rd1 49. Rc6 Rxd3 50. Rxc2 h5 51. h4 Rd4 52. g3 Kf6 53. Rc5 Re4 54. Kg2 Re5 55. Rc7 Re7 56. Rc6+ Kf5 57. Kf3 Re5 58. Rc7 f6 59. Rc4 Ra5 60. Rf4+ Ke5 61. Re4+ Kd5 62. Re3 Rc5 63. Ra3 Kd4 64. Ra6 Ke5 65. Ra3 Kf5 66. Rb3 Ke5 67. Ra3 Kd4 68. Ra6 Rf5+ 69. Kg2 Ke3 70. Re6+ Kd4 71. Kg1 Kd5 72. Re3 Re5 73. Rf3 f5 74. Ra3 Re6 75. Kf2 Ke4 76. Ra4+ Ke5 77. Ra5+ Kf6 78. Kf3 Rb6 79. Ra3 g5 80. hxg5+ Kxg5 81. Rc3 Ra6 82. Rb3 Ra1 83. Rc3 Rb1 84. Ra3 Rd1 85. Rb3 Kf6 86. Ra3 Ke5 87. Ra5+ Rd5 88. Ra3 Rc5 89. Rb3 Rc1 90. Ra3 Rf1+ 91. Kg2 Rd1 92. Kf3 Rd2 93. Ra5+ Rd5 94. Ra3 Kf6 95. Ra6+ Kg5 96. Ra3 Rc5 97. Rb3 Ra5 98. Rc3 Ra1 99. Rb3 Rf1+ 100. Kg2 Rc1 101. Kf3 Rh1 102. Ra3 Kf6 103. Ra6+ Ke5 104. Ra5+ Kf6 105. Ra6+ Kg5 106. Ra3 Rf1+ 107. Kg2 Rb1 108. Kf3 Rb5 109. Rc3 Rb4 110. Ra3 h4 111. gxh4+ Rxh4 112. Ra8 Rh3+ 113. Kg2 Rd3 114. Ra4 Rd5 115. Kf3 Kf6 116. Ra3 Ke5 117. Re3+ Kf6 118. Ra3 Kg5 119. Rb3 Rd1 120. Ra3 Rg1 121. Rb3 Rg4 122. Ra3 Rh4 123. Ra8 Rh3+ 124. Kg2 Rb3 125. Ra4 Rc3 126. Rb4 Rd3 127. Ra4 Rb3 128. Rc4 Ra3 129. Rb4 Rd3 130. Rc4 Rd2+ 131. Kg3 Rd3+ 132. Kg2 Re3 133. Ra4 Re4 134. Rxe4 fxe4 135. Kf2 Kf4 136. Ke2 e3 137. Ke1 Ke4 138. Ke2 Kd4 139. Ke1 Kd3 140. Kd1 Ke4 141. Ke2 Kf4 142. Ke1 Kf3 143. Kf1 Ke4 144. Ke2 1/2-1/2


[Site "https://www.chess.com"]

[Event "Titled Tuesday Blitz April 4 Late 2023"]
[White "Kujawski, Adam"]
[Black "mjelcic"]
[WhiteFideId "1100920"]
[WhiteElo "2054"]
[BlackElo "2231"]
[Result "0-1"]
[Round "08"]
[TimeControl "180+2"]
[Date "2023.04.04"]
[WhiteClock "0:00:02"]
[BlackClock "0:00:45"]

1. e4 c5 2. Nf3 g6 3. c3 Bg7 4. d4 cxd4 5. cxd4 d5 6. e5 Bg4 7. Qa4+ Nc6 8. Bb5 Bxf3 9. Bxc6+ bxc6 10. Qxc6+ Kf8 11. O-O Be4 12. Nc3 Bh6 13. Nxe4 dxe4 14. Qxe4 Bxc1 15. Raxc1 Kg7 16. d5 Nh6 17. g4 Qd7 18. h3 Rhc8 19. e6 Qd6 20. Qd4+ f6 21. Rcd1 Rc5 22. b4 Rc2 23. a4 a6 24. Rc1 Rxc1 25. Rxc1 Rd8 26. Rc5 Qxe6 27. dxe6 Rxd4 28. Rc7 Ng8 29. Rb7 Rd6 30. b5 axb5 31. a5 Rxe6 32. Rxb5 Re1+ 33. Kg2 Ra1 34. h4 Nh6 35. f3 Kf7 36. Kg3 Ra4 37. Kf2 f5 38. g5 Ng8 39. Kg3 e6 40. Rb7+ Ne7 41. Rb5 e5 42. Kf2 Ke6 43. Rb6+ Kd7 44. Rb7+ Kd6 45. Ra7 Rxh4 46. a6 Ra4 47. Ke3 Ra3+ 48. Kd2 Rxf3 49. Kc2 Ra3 50. Kb2 Ra5 51. Kb3 Nc6 52. Rxh7 Rxa6 53. Rg7 Ne7 54. Rf7 Kd7 55. Kc4 Rd6 56. Kc5 e4 57. Rh7 Ke6 58. Rh3 Rd3 0-1


[Site "https://www.chess.com"]

[Event "Titled Tuesday Blitz April 4 Late 2023"]
[White "Bacallao Alonso, Yusnel"]
[Black "Ai, Evan"]
[WhiteFideId "3507416"]
[BlackFideId "2094770"]
[WhiteElo "2561"]
[BlackElo "1963"]
[Result "1-0"]
[Round "08"]
[TimeControl "180+2"]
[Date "2023.04.04"]
[WhiteClock "0:00:06"]
[BlackClock "0:00:02"]

1. d4 Nf6 2. c4 e6 3. Nf3 b6 4. g3 Bb7 5. Bg2 Be7 6. O-O O-O 7. d5 exd5 8. Nh4 Ne4 9. cxd5 Bxh4 10. Bxe4 Bf6 11. Qc2 g6 12. Bg2 Na6 13. Nd2 c5 14. Ne4 d6 15. Bf4 Nb4 16. Qd2 Be7 17. Nc3 Bf6 18. a3 Na6 19. Ne4 Be5 20. Bxe5 dxe5 21. d6 f5 22. Nf6+ Rxf6 23. Bxb7 Rxd6 24. Qc3 Nc7 25. Bxa8 Qxa8 26. Qxe5 Qd8 27. b4 c4 28. a4 Re6 29. Qc3 Rc6 30. Rad1 Qe7 31. b5 Rc5 32. Rd4 Nd5 33. Qc2 Nb4 34. Qb1 Nd5 35. Qc1 c3 36. Rfd1 c2 37. R1d2 Nc3 38. Qxc2 Nxe2+ 39. Rxe2 Qf6 40. Qa2+ Kg7 41. Qd2 1-0


[Site "https://www.chess.com"]

[Event "Titled Tuesday Blitz April 4 Late 2023"]
[White "olga-belka"]
[Black "Mirimanian, Hayk"]
[BlackFideId "4700180"]
[WhiteElo "2285"]
[BlackElo "2280"]
[Result "1-0"]
[Round "08"]
[TimeControl "180+2"]
[Date "2023.04.04"]
[WhiteClock "0:00:34"]
[BlackClock "0:00:05"]

1. e4 c5 2. Nf3 d6 3. Bb5+ Bd7 4. Bxd7+ Qxd7 5. c4 Nc6 6. Nc3 Nf6 7. d4 cxd4 8. Nxd4 g6 9. f3 Bg7 10. Be3 O-O 11. Rc1 a6 12. b3 Nxd4 13. Bxd4 b5 14. cxb5 axb5 15. Qd2 Rfd8 16. O-O e5 17. Bb6 Rdb8 18. Be3 b4 19. Na4 d5 20. Nb6 Rxb6 21. Bxb6 Qb5 22. Bc5 dxe4 23. fxe4 Nxe4 24. Qd5 Rc8 25. Qxe4 Rxc5 26. Rcd1 Qb6 27. Kh1 h6 28. Qa8+ Bf8 29. Rd8 Qf6 30. Rxf8+ Kg7 31. Rxf7+ Qxf7 32. Rxf7+ Kxf7 33. Qa7+ Rc7 34. Qxc7+ 1-0


[Site "https://www.chess.com"]

[Event "Titled Tuesday Blitz April 4 Late 2023"]
[White "Rios Escobar, Adan"]
[Black "lluiss"]
[WhiteFideId "3403645"]
[WhiteElo "2463"]
[BlackElo "2260"]
[Result "1-0"]
[Round "08"]
[TimeControl "180+2"]
[Date "2023.04.04"]
[WhiteClock "0:00:49"]
[BlackClock "0:00:50"]

1. d4 Nf6 2. g3 g6 3. Bg2 d5 4. Nf3 Bg7 5. O-O O-O 6. Be3 Ng4 7. Bf4 c5 8. h3 Nf6 9. dxc5 Ne4 10. Nc3 Nxc3 11. bxc3 Nc6 12. Nd4 e6 13. Bd6 Re8 14. Rb1 Qa5 15. Nb5 b6 16. Nc7 Ba6 17. Nxa8 Rxa8 18. cxb6 axb6 19. Bc7 Bc4 20. Rxb6 Qxc3 21. Rxc6 Bd4 22. e3 Ba7 23. Qe1 Qa3 24. Rxc4 1-0


[Site "https://www.chess.com"]

[Event "Titled Tuesday Blitz April 4 Late 2023"]
[White "Vaglio Munoz, Jaime"]
[Black "Georg, Heinz"]
[WhiteFideId "6500145"]
[BlackFideId "4607295"]
[WhiteElo "2199"]
[BlackElo "2244"]
[Result "0-1"]
[Round "08"]
[TimeControl "180+2"]
[Date "2023.04.04"]
[WhiteClock "0:00:32"]
[BlackClock "0:00:10"]

1. Nf3 f5 2. h3 Nf6 3. g4 d5 4. g5 Ne4 5. d3 Nd6 6. g6 hxg6 7. Ne5 Nf7 8. Nxg6 Rh7 9. d4 Qd6 10. Rg1 e5 11. dxe5 Nxe5 12. Bf4 Nbc6 13. Nc3 Be6 14. e3 O-O-O 15. Nxe5 Nxe5 16. Nb5 Qb4+ 17. c3 Qe4 18. Nd4 Bf7 19. f3 Nxf3+ 20. Qxf3 Qe8 21. Bd3 Bh5 22. Bxf5+ Kb8 23. Bg4 Bxg4 24. Rxg4 Bc5 25. O-O-O Qa4 26. Kb1 Rxh3 27. Qe2 Bxd4 28. exd4 Re8 29. Be5 Rh2 30. Qd3 Rxe5 31. Rxg7 Re8 32. b3 Qxa2+ 33. Kc1 Qb2# 0-1


[Site "https://www.chess.com"]

[Event "Titled Tuesday Blitz April 4 Late 2023"]
[White "Mazurkiewicz, Michal"]
[Black "Chabris, Christopher"]
[WhiteFideId "1124943"]
[BlackFideId "2005263"]
[WhiteElo "2054"]
[BlackElo "2220"]
[Result "1-0"]
[Round "08"]
[TimeControl "180+2"]
[Date "2023.04.04"]
[WhiteClock "0:00:09"]
[BlackClock "0:00:01"]

1. e4 c5 2. Nf3 Nc6 3. g3 g6 4. Bg2 Bg7 5. O-O d6 6. d3 Rb8 7. a4 a6 8. Re1 e6 9. c3 Nge7 10. d4 cxd4 11. cxd4 d5 12. e5 h6 13. h4 b5 14. axb5 axb5 15. Nc3 b4 16. Na4 Qa5 17. Bf4 O-O 18. Nc5 Qb6 19. Qd2 Kh7 20. Bf1 b3 21. Bd3 Nb4 22. Bb1 Na6 23. Nxa6 Bxa6 24. h5 Bc4 25. Be3 Qb4 26. Qxb4 Rxb4 27. Ra7 Nc6 28. Rc7 Na5 29. hxg6+ fxg6 30. Nh4 Rf5 31. g4 Rg5 32. Bxg5 hxg5 33. Nxg6 Kh6 34. Re7 Rb6 35. f4 Bb5 36. f5 exf5 37. gxf5 Nc4 38. f6 Bxf6 39. exf6 Rxf6 40. R7e6 Rxe6 41. Rxe6 Nd2 42. Bf5 Nf3+ 43. Kf2 Nxd4 44. Rb6 Nxf5 45. Ne7+ Kh5 46. Nxf5 Bc4 47. Ng3+ Kg4 48. Ne2 Kf5 49. Ke3 g4 50. Nd4+ Ke5 51. Re6# 1-0


[Site "https://www.chess.com"]

[Event "Titled Tuesday Blitz April 4 Late 2023"]
[White "Golubev, Mikhail"]
[Black "Kornyukov, Alexey"]
[WhiteFideId "14100983"]
[BlackFideId "4150457"]
[WhiteElo "2374"]
[BlackElo "2352"]
[Result "1-0"]
[Round "08"]
[TimeControl "180+2"]
[Date "2023.04.04"]
[WhiteClock "0:00:11"]
[BlackClock "0:00:03"]

1. e4 c5 2. Nf3 Nc6 3. Nc3 e5 4. Bc4 d6 5. d3 Be7 6. Nd2 Bg5 7. h4 Bh6 8. Nf1 Bxc1 9. Rxc1 Nf6 10. Ne3 Be6 11. Ncd5 a6 12. Qf3 Nd4 13. Nxf6+ Qxf6 14. Qxf6 gxf6 15. Nd5 Bxd5 16. Bxd5 Rb8 17. c3 Ne6 18. g3 Rg8 19. Ke2 Ke7 20. a3 Nc7 21. Ba2 Rgd8 22. b4 b6 23. Bc4 a5 24. bxa5 bxa5 25. Rb1 h6 26. Kf3 f5 27. exf5 d5 28. Ba2 Nb5 29. Rhc1 Kd6 30. Bxd5 Nxa3 31. Rxb8 Rxb8 32. Bxf7 Rb2 33. g4 Nc2 34. g5 hxg5 35. hxg5 Ke7 36. Bd5 a4 37. f6+ Kd6 38. g6 a3 39. g7 e4+ 40. dxe4 Ke5 41. g8=Q Ne1+ 42. Rxe1 a2 43. Qe6# 1-0


[Site "https://www.chess.com"]

[Event "Titled Tuesday Blitz April 4 Late 2023"]
[White "Svicevic, Rastko"]
[Black "Pein, Jonathan"]
[WhiteFideId "916315"]
[BlackFideId "417092"]
[WhiteElo "2071"]
[BlackElo "2151"]
[Result "0-1"]
[Round "08"]
[TimeControl "180+2"]
[Date "2023.04.04"]
[WhiteClock "0:00:06"]
[BlackClock "0:00:07"]

1. d4 d6 2. e4 Nf6 3. Nc3 e5 4. Nf3 exd4 5. Nxd4 g6 6. h3 Bg7 7. Be3 O-O 8. Be2 Re8 9. Bf3 Nbd7 10. O-O Nc5 11. Bg5 h6 12. Bxf6 Qxf6 13. Ndb5 Qd8 14. Qd2 Bd7 15. Nd4 a6 16. Rad1 Ne6 17. Nce2 Ng5 18. Qd3 c5 19. h4 Nxf3+ 20. Nxf3 Bb5 21. c4 Bc6 22. Ng3 Bxb2 23. Qxd6 Qxd6 24. Rxd6 Bxe4 25. Rb6 Bxf3 26. gxf3 Bd4 27. Rxb7 Rab8 28. Rfb1 Rxb7 29. Rxb7 Re1+ 30. Kg2 Ra1 31. Ne4 Rxa2 32. Rc7 a5 33. Nxc5 Rxf2+ 34. Kg3 Rc2 35. Nb3 Be5+ 0-1


[Site "https://www.chess.com"]

[Event "Titled Tuesday Blitz April 4 Late 2023"]
[White "Manu_ChessExcelsior"]
[Black "KorolDimitriy75"]
[WhiteElo "2146"]
[BlackElo "2388"]
[Result "1-0"]
[Round "08"]
[TimeControl "180+2"]
[Date "2023.04.04"]
[WhiteClock "0:00:24"]
[BlackClock "0:00:02"]

1. e4 c5 2. Nf3 d6 3. Bb5+ Nd7 4. O-O Nf6 5. Re1 a6 6. Bf1 e5 7. c3 Be7 8. d4 O-O 9. h3 Re8 10. Bd2 Qc7 11. Na3 b5 12. Nc2 Bb7 13. d5 Bf8 14. a4 c4 15. axb5 axb5 16. Rxa8 Rxa8 17. Nb4 Nc5 18. Qc2 g6 19. g3 Bg7 20. Bg2 h6 21. Nh2 Kh7 22. Ng4 Ng8 23. Ne3 h5 24. Rf1 Re8 25. Kh2 Nh6 26. Ra1 Ra8 27. Rxa8 Bxa8 28. Qd1 Qa5 29. Qf3 Qa1 30. Nd1 Qb1 31. Qe2 f5 32. exf5 Nxf5 33. f4 exf4 34. Bxf4 1-0


[Site "https://www.chess.com"]

[Event "Titled Tuesday Blitz April 4 Late 2023"]
[White "Garrido, Denis"]
[Black "Oliveira, Tiago Batista"]
[WhiteFideId "601217"]
[BlackFideId "2108291"]
[WhiteElo "2338"]
[BlackElo "1962"]
[Result "1-0"]
[Round "08"]
[TimeControl "180+2"]
[Date "2023.04.04"]
[WhiteClock "0:02:29"]
[BlackClock "0:00:08"]

1. d4 d5 2. c4 c6 3. Nc3 Nf6 4. Nf3 e6 5. Bg5 Nbd7 6. e3 Qa5 7. Nd2 dxc4 8. Bxf6 Nxf6 9. Nxc4 Qd8 10. Be2 Be7 11. Bf3 O-O 12. O-O Bd7 13. Rc1 Rc8 14. a3 b5 15. Ne5 Be8 16. b4 a5 17. Qb3 axb4 18. axb4 Nd5 19. Bxd5 cxd5 20. Ra1 Rc4 21. Nxc4 bxc4 22. Qb2 Qb6 23. b5 Bc6 24. Ra6 1-0


[Site "https://www.chess.com"]

[Event "Titled Tuesday Blitz April 4 Late 2023"]
[White "Tarnowska, Aleksandra"]
[Black "Stachanczyk, Jacek"]
[WhiteFideId "1180967"]
[BlackFideId "1116657"]
[WhiteElo "1776"]
[BlackElo "2084"]
[Result "0-1"]
[Round "08"]
[TimeControl "180+2"]
[Date "2023.04.04"]
[WhiteClock "0:00:01"]
[BlackClock "0:00:42"]

1. e4 c5 2. Nf3 d6 3. Bb5+ Bd7 4. Bxd7+ Qxd7 5. O-O Nf6 6. Re1 e6 7. d4 cxd4 8. Nxd4 Be7 9. Nc3 O-O 10. Qf3 Nc6 11. Be3 Ne5 12. Qh3 Rac8 13. Rad1 Rxc3 14. bxc3 Nxe4 15. Bc1 Nf6 16. Bg5 Nc4 17. Bxf6 Bxf6 18. Rd3 d5 19. Rg3 g6 20. Qg4 Bg7 21. f4 Nd6 22. Kh1 Ne4 23. Rf3 Rc8 24. Qh4 a6 25. g4 Rxc3 26. Rxc3 Nxc3 27. Nf3 Ne4 28. Ng5 Nxg5 29. Qxg5 h6 30. Qh4 Qc6 31. Qf2 b5 32. f5 e5 33. fxg6 fxg6 34. Rf1 d4+ 35. Kg1 e4 36. Qf7+ Kh7 37. g5 hxg5 38. Qf2 e3 39. Qg2 Qc5 40. Rf7 d3 41. cxd3 e2+ 42. Qf2 e1=Q+ 43. Kg2 Qexf2+ 44. Rxf2 Qxf2+ 0-1


[Site "https://www.chess.com"]

[Event "Titled Tuesday Blitz April 4 Late 2023"]
[White "tandercat"]
[Black "Ozalp, Burak"]
[BlackFideId "6314210"]
[WhiteElo "1946"]
[BlackElo "2106"]
[Result "0-1"]
[Round "08"]
[TimeControl "180+2"]
[Date "2023.04.04"]
[WhiteClock "0:00:01"]
[BlackClock "0:00:44"]

1. d4 Nf6 2. c4 g6 3. Nc3 d5 4. cxd5 Nxd5 5. e4 Nxc3 6. bxc3 Bg7 7. Bc4 O-O 8. Ne2 c5 9. O-O Qc7 10. Bf4 e5 11. dxe5 Bxe5 12. Bxe5 Qxe5 13. f3 Nc6 14. Bd5 Be6 15. Bxe6 Qxe6 16. Qd2 Rad8 17. Qh6 Qf6 18. h4 Qg7 19. Qe3 b6 20. Rfd1 Ne5 21. Nf4 Qh6 22. Nd5 Qxh4 23. a4 Kg7 24. a5 Nc4 25. Qc1 Nxa5 26. c4 f6 27. Qc3 Qf4 28. Nxf4 Rde8 29. Rd7+ Kh6 30. Nd5 f5 31. Qd2+ g5 32. exf5 Nb3 33. Rd6+ Kg7 34. Qf2 Nxa1 35. Qg3 h6 36. Qg4 Re1+ 37. Kf2 Nc2 0-1


[Site "https://www.chess.com"]

[Event "Titled Tuesday Blitz April 4 Late 2023"]
[White "Rian, Kapriaga"]
[Black "Porat, Tori"]
[WhiteFideId "7103263"]
[BlackFideId "30982626"]
[WhiteElo "2318"]
[BlackElo "1752"]
[Result "1-0"]
[Round "08"]
[TimeControl "180+2"]
[Date "2023.04.04"]
[WhiteClock "0:01:17"]
[BlackClock "0:00:49"]

1. d4 d5 2. Nf3 Nf6 3. Bf4 e6 4. e3 Bd6 5. Ne5 O-O 6. Nd2 c5 7. c3 Nc6 8. Bd3 Qc7 9. Ndf3 c4 10. Bc2 Nh5 11. Bxh7+ Kxh7 12. Ng5+ Kg8 13. Qxh5 Rd8 14. Ngxf7 Bxe5 15. Nxe5 Nxe5 16. Bxe5 Qf7 17. Qg5 Bd7 18. h4 Be8 19. h5 Rd7 20. h6 Qf5 21. Qxf5 exf5 22. hxg7 Rxg7 23. Bxg7 Kxg7 24. f3 Bg6 25. Kf2 Re8 26. Rh4 Re6 27. Rah1 Rb6 28. g4 Rxb2+ 29. Kg3 Rxa2 30. Kf4 fxg4 31. Rxg4 Kf6 32. Rh6 Ra3 33. Rhxg6+ Kf7 34. Rg7+ Kf8 35. Rxb7 Rxc3 36. Rxa7 Rd3 37. Rg6 Rb3 38. Rd6 Ke8 39. Rh6 1-0


[Site "https://www.chess.com"]

[Event "Titled Tuesday Blitz April 4 Late 2023"]
[White "Burke, Paul"]
[Black "Tyagi, Kushan"]
[WhiteFideId "2605767"]
[BlackFideId "2040069"]
[WhiteElo "1866"]
[BlackElo "2305"]
[Result "0-1"]
[Round "08"]
[TimeControl "180+2"]
[Date "2023.04.04"]
[WhiteClock "0:00:28"]
[BlackClock "0:00:39"]

1. e4 c5 2. d4 cxd4 3. c3 Nf6 4. Bd3 dxc3 5. Nxc3 Nc6 6. Nf3 e6 7. Bf4 d6 8. Qe2 a6 9. Rd1 Be7 10. e5 dxe5 11. Nxe5 Qb6 12. Nxc6 Qxc6 13. O-O O-O 14. Be5 Bd7 15. Bb1 Rfd8 16. Bxf6 Bxf6 17. Ne4 Be7 18. Qh5 g6 19. Qh6 Be8 20. Ng5 Bxg5 21. Qxg5 Rd5 22. Qg3 Qd7 23. Rc1 Rc8 24. Qe3 Rxc1 25. Rxc1 Rd1+ 0-1


[Site "https://www.chess.com"]

[Event "Titled Tuesday Blitz April 4 Late 2023"]
[White "Lock, Gavin R"]
[Black "Jiganchine, Roman"]
[WhiteFideId "408646"]
[BlackFideId "2603667"]
[WhiteElo "2104"]
[BlackElo "2285"]
[Result "0-1"]
[Round "08"]
[TimeControl "180+2"]
[Date "2023.04.04"]
[WhiteClock "0:00:40"]
[BlackClock "0:00:56"]

1. e4 c6 2. d4 d5 3. exd5 cxd5 4. Bd3 Nc6 5. c3 Nf6 6. h3 g6 7. Nf3 Bf5 8. O-O Bxd3 9. Qxd3 Bg7 10. Re1 O-O 11. Bf4 Ne4 12. Nbd2 Nxd2 13. Qxd2 e6 14. Re2 b5 15. Ne1 b4 16. Nd3 bxc3 17. bxc3 Na5 18. Nc5 Nc4 19. Qc1 a5 20. a4 Ra7 21. Rb1 Qh4 22. Bg5 Qh5 23. Qf4 h6 24. Bf6 g5 25. g4 gxf4 26. gxh5 Bxf6 0-1


[Site "https://www.chess.com"]

[Event "Titled Tuesday Blitz April 4 Late 2023"]
[White "Zampronha, Wladimir Camilo"]
[Black "Matute Escobar, Roxanny"]
[WhiteFideId "2103087"]
[BlackFideId "3926028"]
[WhiteElo "2176"]
[BlackElo "1844"]
[Result "1-0"]
[Round "08"]
[TimeControl "180+2"]
[Date "2023.04.04"]
[WhiteClock "0:00:28"]
[BlackClock "0:00:08"]

1. e4 c5 2. Nf3 d6 3. d4 cxd4 4. Nxd4 Nf6 5. Nc3 g6 6. Be3 Bg7 7. f3 O-O 8. Bc4 Nc6 9. Qd2 Bd7 10. O-O-O Rc8 11. Bb3 Nxd4 12. Bxd4 b5 13. h4 a5 14. a3 b4 15. axb4 axb4 16. Nd5 Nxd5 17. Bxg7 Kxg7 18. exd5 Qa5 19. Qd4+ Kg8 20. h5 Bf5 21. Kd2 Rc5 22. Ra1 Qb5 23. h6 f6 24. Qe3 Rfc8 25. Rhc1 Qb7 26. g4 Rxd5+ 27. Bxd5+ Qxd5+ 28. Ke1 Be6 29. Ra7 Kf7 30. Kf2 b3 31. c4 Qc6 32. Re1 Qxc4 33. Ra4 Qd5 34. Rd4 Rc2+ 35. Kg3 Qe5+ 36. f4 Qxe3+ 37. Rxe3 Rxb2 38. Rde4 Bd5 39. Rxe7+ Kf8 40. Re8+ Kf7 41. R3e7# 1-0


[Site "https://www.chess.com"]

[Event "Titled Tuesday Blitz April 4 Late 2023"]
[White "Kalajzic, Ivan"]
[Black "ritanovikova"]
[WhiteFideId "14506378"]
[WhiteElo "2203"]
[BlackElo "2208"]
[Result "1-0"]
[Round "08"]
[TimeControl "180+2"]
[Date "2023.04.04"]
[WhiteClock "0:00:14"]
[BlackClock "0:00:11"]

1. b3 Nf6 2. Bb2 d6 3. Bxf6 exf6 4. c4 g6 5. Nc3 Bg7 6. g3 O-O 7. Bg2 f5 8. e3 Nc6 9. Nge2 Ne5 10. d4 Ng4 11. Qd3 Rb8 12. O-O a6 13. b4 b6 14. a4 a5 15. b5 Bb7 16. Nd5 Nf6 17. Nef4 Nxd5 18. Bxd5 Bc8 19. Rad1 g5 20. Ne2 Qf6 21. Nc3 Kh8 22. Bg2 f4 23. exf4 gxf4 24. Nd5 Qd8 25. Nxf4 Bg4 26. Bf3 Bxf3 27. Qxf3 Qf6 28. Kg2 Rbc8 29. Nd5 Qd8 30. Rfe1 c6 31. bxc6 Rxc6 32. Ne3 Qc8 33. h4 Qd7 34. Nd5 Re8 35. Nf6 Bxf6 36. Qxf6+ Kg8 37. Qg5+ Kh8 38. Qd5 f6 39. Re3 Rcc8 40. Rde1 Rxe3 41. Rxe3 Re8 42. Rxe8+ Qxe8 43. Qxd6 Qe4+ 44. Kh2 Qf3 45. Qf4 Qc6 46. d5 Qc5 47. Qxf6+ Kg8 48. d6 Qxc4 49. d7 Qxh4+ 50. Qxh4 1-0


[Site "https://www.chess.com"]

[Event "Titled Tuesday Blitz April 4 Late 2023"]
[White "Srdanovic, Jovana"]
[Black "Pirvulescu, Ekaterina"]
[WhiteFideId "954810"]
[BlackFideId "13506374"]
[WhiteElo "2145"]
[BlackElo "2006"]
[Result "0-1"]
[Round "08"]
[TimeControl "180+2"]
[Date "2023.04.04"]
[WhiteClock "0:01:30"]
[BlackClock "0:02:25"]

1. d4 d6 2. c4 e5 3. d5 f5 4. e4 Nf6 5. Nc3 Be7 6. Bd3 fxe4 7. Nxe4 O-O 8. Qc2 h6 9. h3 a5 10. Nf3 Na6 11. Be3 Nb4 12. Qd2 Nxd3+ 13. Qxd3 Nxe4 14. O-O-O Bf5 15. g4 Nxf2 16. Qe2 Nxd1 17. gxf5 Nxe3 18. Qxe3 Bg5 19. Nxg5 Qxg5 0-1


[Site "https://www.chess.com"]

[Event "Titled Tuesday Blitz April 4 Late 2023"]
[White "Hartikainen, Jarmo"]
[Black "Barria Santos, Jose Guilherme"]
[WhiteFideId "503134"]
[BlackFideId "1939300"]
[WhiteElo "2047"]
[BlackElo "2266"]
[Result "1-0"]
[Round "08"]
[TimeControl "180+2"]
[Date "2023.04.04"]
[WhiteClock "0:01:14"]
[BlackClock "0:01:34"]

1. e4 c5 2. c3 Nf6 3. e5 Nd5 4. d4 cxd4 5. Nf3 Nc6 6. cxd4 d6 7. Nc3 Nxc3 8. bxc3 e6 9. Bd3 Be7 10. Qe2 dxe5 11. dxe5 O-O 12. h4 Re8 13. Qe4 g6 14. h5 Qd5 15. Qe2 Bc5 16. Bf4 f6 17. hxg6 fxe5 18. gxh7+ Kh8 19. Bxe5+ Nxe5 20. Qxe5+ Qxe5+ 21. Nxe5 1-0


[Site "https://www.chess.com"]

[Event "Titled Tuesday Blitz April 4 Late 2023"]
[White "Vargas, Mauricio"]
[Black "Michalski, Olaf"]
[WhiteFideId "4404572"]
[BlackFideId "1106740"]
[WhiteElo "1998"]
[BlackElo "2173"]
[Result "0-1"]
[Round "08"]
[TimeControl "180+2"]
[Date "2023.04.04"]
[WhiteClock "0:00:01"]
[BlackClock "0:00:08"]

1. e4 c5 2. Nf3 a6 3. d4 cxd4 4. Nxd4 Nf6 5. Nc3 e5 6. Nf5 d5 7. Ng3 d4 8. Nb1 Be7 9. Bc4 Qc7 10. Bb3 h5 11. h3 g6 12. O-O h4 13. Nh1 Nh5 14. Bd5 Nd7 15. f3 Ndf6 16. Bb3 O-O 17. c3 Rd8 18. Qe1 Nh7 19. Nf2 d3 20. Be3 Ng3 21. Ng4 Nxf1 22. Qxf1 Bg5 23. Nh6+ Bxh6 24. Bxh6 g5 25. Qc1 Qb6+ 26. Kh2 Qxh6 27. Nd2 Qf6 28. Nc4 Be6 29. Qd2 Qf4+ 30. Qxf4 exf4 31. Rd1 Rac8 32. Nd2 Bxb3 33. Nxb3 Nf6 34. Nd4 Nd7 35. Nf5 Ne5 36. Ne7+ Kf8 37. Nxc8 Rxc8 38. Rd2 Rd8 39. b3 b5 40. Kg1 Rc8 41. Kf1 Rxc3 42. Ke1 Rc1+ 43. Kf2 Rc2 44. Ke1 Rc1+ 45. Kf2 Ke7 46. Rb2 Rc2+ 47. Rxc2 dxc2 48. Ke2 c1=Q 49. Kf2 Qe3+ 50. Kf1 Nd3 51. b4 Qf2# 0-1


[Site "https://www.chess.com"]

[Event "Titled Tuesday Blitz April 4 Late 2023"]
[White "Briscoe, Chris"]
[Black "Winkels, Marcel"]
[WhiteFideId "408360"]
[BlackFideId "1003887"]
[WhiteElo "2111"]
[BlackElo "1900"]
[Result "0-1"]
[Round "08"]
[TimeControl "180+2"]
[Date "2023.04.04"]
[WhiteClock "0:01:37"]
[BlackClock "0:00:52"]

1. h4 Nf6 2. Rh3 d5 3. Rg3 c5 4. d4 Nc6 5. dxc5 e5 6. Bg5 h6 7. Bxf6 gxf6 8. Rd3 Be6 9. Nc3 d4 10. Ne4 f5 11. Nd6+ Bxd6 12. cxd6 Qxd6 13. Nf3 e4 14. Rxd4 Nxd4 15. Nxd4 O-O-O 16. e3 f4 17. Qd2 fxe3 18. fxe3 Qg3+ 19. Qf2 Qxf2+ 20. Kxf2 Rhg8 21. g3 Kb8 22. Bg2 Bd5 23. b3 b6 24. c4 Bb7 25. a4 Rd6 26. a5 Rf6+ 27. Kg1 Rxg3 28. Kh2 Rg4 29. a6 Ba8 30. Nb5 Rf2 31. Rd1 Rgxg2+ 32. Kh3 Rg8 33. Rd7 Bc6 34. Re7 Bxb5 0-1


[Site "https://www.chess.com"]

[Event "Titled Tuesday Blitz April 4 Late 2023"]
[White "Joubert, Dantelle"]
[Black "Brahami, Lamine"]
[WhiteFideId "14310813"]
[BlackFideId "7905637"]
[WhiteElo "1507"]
[BlackElo "2088"]
[Result "1/2-1/2"]
[Round "08"]
[TimeControl "180+2"]
[Date "2023.04.04"]
[WhiteClock "0:00:06"]
[BlackClock "0:00:36"]

1. d4 c6 2. c4 d5 3. Nc3 dxc4 4. a4 Nf6 5. Nf3 Nd5 6. e4 Nxc3 7. bxc3 b5 8. axb5 cxb5 9. Be2 e6 10. O-O Bb7 11. Qc2 Be7 12. Be3 O-O 13. Rfd1 Nd7 14. e5 Nb6 15. h4 Nd5 16. Bg5 h6 17. Bxe7 Qxe7 18. Nd2 Qxh4 19. g3 Qh3 20. Bf3 Nf4 21. Ne4 Nd3 22. Rxd3 cxd3 23. Qxd3 Qf5 24. Qe3 a6 25. Bg2 Qg6 26. Bf3 Bd5 27. Kg2 f5 28. exf6 gxf6 29. Rh1 Kg7 30. Rh4 f5 31. Nd2 Bxf3+ 32. Nxf3 Rac8 33. Ne5 Qg5 34. f4 Qf6 35. Nd7 Qg6 36. Qe5+ Kh7 37. Nxf8+ Rxf8 38. Qc7+ Rf7 39. Qb6 Rg7 40. Rh3 Qxg3+ 41. Rxg3 Rxg3+ 42. Kxg3 Kg6 43. Qxe6+ Kh5 44. Qxa6 b4 45. Qb5 bxc3 46. Qc4 c2 47. Qxc2 Kg6 48. Qd3 h5 49. d5 h4+ 50. Kh3 Kf6 51. d6 Kg6 52. Kxh4 Kh6 53. d7 Kg6 54. d8=Q Kg7 55. Q8d6 Kf7 56. Q3d5+ Ke8 57. Qb7 1/2-1/2


[Site "https://www.chess.com"]

[Event "Titled Tuesday Blitz April 4 Late 2023"]
[White "Maghsoodloo, Parham"]
[Black "Fedoseev, Vladimir"]
[WhiteFideId "12539929"]
[BlackFideId "24130737"]
[WhiteElo "2647"]
[BlackElo "2752"]
[Result "0-1"]
[Round "09"]
[TimeControl "180+2"]
[Date "2023.04.04"]
[WhiteClock "0:00:01"]
[BlackClock "0:00:14"]

1. d4 g6 2. e4 Bg7 3. Nc3 c6 4. Nf3 d5 5. h3 a6 6. a4 dxe4 7. Nxe4 Bf5 8. Bd3 Bxd4 9. Nxd4 Qxd4 10. Qe2 Bxe4 11. Bxe4 Nf6 12. Bf3 Nbd7 13. O-O Ne5 14. Re1 Nxf3+ 15. Qxf3 Nd5 16. Re4 Qf6 17. Qe2 e6 18. c4 Ne7 19. h4 h6 20. Bf4 Qg7 21. Be5 f6 22. Bxf6 Qxf6 23. Rxe6 Qxh4 24. Re1 Rh7 25. Qd3 Kf8 26. Qd6 Re8 27. g3 Qg4 28. R1e4 Qh3 0-1


[Site "https://www.chess.com"]